AoeStats
← Thebärbär

Arena

507466029Analyzed
1v1 RM · 15d ago on Sep 18, 2026· 50m 35s· 2 players
Game mode
Random Map
Map size
Tiny (2 player)
Population
200
Speed
Normal
Resources
Standard
Victory
Conquest
Starting age
Dark Age
Ending age
Imperial Age
RankedLock teamsTeams togetherTeam positionsShared explorationLock speedFull tech treeHidden civsTurbo modeCheats
Victory
Defeat
🇳🇱 Khitans · Netherlands
808
+15
🇩🇪 Malians · Germany
776
-15
Thebärbär
11:32 Feudal Age
17:07 Castle Age
15:25 Double-Bit Axe
17:03 Scale Barding Armor
16:46 Horse Collar
22:01 Forging
26:31 Padded Archer Armor
26:21 Fletching
25:58 Crossbowman
29:45 Ballistics
30:52 Leather Archer Armor
31:34 Thumb Ring
31:33 Murder Holes
35:21 Imperial Age
32:39 Loom
34:22 Bow Saw
35:10 Wheelbarrow
34:46 Bodkin Arrow
34:44 Pikeman
35:51 Squires
35:37 Arson
36:09 Arbalester
39:41 Chemistry
38:55 Fortified Wall
40:01 Ring Archer Armor
43:30 Cavalier
44:11 Husbandry
bbastian
11:57 Feudal Age
13:18 Loom
13:31 Town Watch
15:58 Wheelbarrow
18:54 Castle Age
17:46 Double-Bit Axe
19:00 Forging
21:10 Pikeman
23:36 Domestication
25:37 Husbandry
25:18 Light Cavalry
26:22 Bow Saw
26:50 Hand Cart
26:44 Squires
26:32 Arson
29:29 Town Patrol
30:51 Iron Casting
30:07 Fletching
30:17 Padded Archer Armor
35:43 Elite Skirmisher
38:45 Pastoralism
38:43 Gold Mining
38:44 Stone Mining
39:06 Thumb Ring
39:00 Bodkin Arrow
39:56 Scale Mail Armor
40:11 Leather Archer Armor
40:08 Scale Barding Armor
40:58 Crossbowman
44:23 Imperial Age
42:22 Ballistics
44:46 Lamellar Armor
44:32 Heavy Rocket Cart
44:43 Hussar
45:26 Bracer
45:56 Ring Archer Armor
45:47 Chain Barding Armor
46:04 Conscription
45:50 Ordo Cavalry
50:50 Two-Man Saw
50:39 Transhumance
51:33 Chemistry
49:58 Elite Liao Dao
Connection lost

Rejoining the realm…

Still unreachable

The connection could not be restored.

Session expired

The server has moved on; the page needs a fresh start.